 Dungeon Crawl Stone Soup version 0.25-a0-803-g58bd18402a (console) character file.

Game seed: 2846362526303285900, levelgen mode: classic

38 Duffy the Ruffian (level 3, -2/28 HPs)
             Began as a Draconian Transmuter on Apr 19, 2020.
             Slain by a gnoll
             ... wielding a +0 spear
              (4 damage)
             ... on level 2 of the Dungeon.
             The game lasted 00:00:53 (913 turns).

Duffy the Ruffian (Draconian Transmuter)             Turns: 913, Time: 00:00:54

Health: -2/28      AC:  5    Str: 12    XL:     3   Next: 25%
Magic:  6/6        EV: 16    Int: 14    God:
Gold:   127        SH:  0    Dex: 11    Spells: 1/7 levels left

rFire    . . .     SeeInvis .     - Unarmed
rCold    . . .     Gourm    .   (no shield)
rNeg     . . .     Faith    .   (armour unavailable)
rPois    .         Spirit   .   (helmet restricted)
rElec    .         Reflect  .   (no cloak)
rCorr    .         Harm     .   (no gloves)
MR       .....                  (no boots)
Stlth    +.........             (no amulet)
HPRegen  0.09/turn              f - +4 ring of evasion
MPRegen  0.10/turn              (no ring)

@: no status effects
A: unfitting armour, cold-blooded, AC +5
a: no special abilities


You were on level 2 of the Dungeon.
You were not hungry.

You visited 1 branch of the dungeon, and saw 2 of its levels.

You collected 127 gold pieces.

Inventory:

Missiles
 a - 12 arrows
Jewellery
 f - a +4 ring of evasion (left hand)
Scrolls
 d - 3 scrolls of identify {unknown}
Potions
 e - a potion of haste {unknown}
 g - a potion of brilliance {unknown}
 h - a potion of heal wounds {unknown}
Comestibles
 b - 4 chunks of flesh
 c - 2 rations


   Skills:
 - Level 1.1 Fighting
 - Level 1.7 Dodging
 + Level 3.4 Unarmed Combat
 + Level 2.5 Spellcasting
 + Level 2.7 Transmutations
 + Level 0.1 Poison Magic


You had one spell level left.
You knew the following spells:

 Your Spells              Type           Power        Failure   Level  Hunger
h - Spider Form           Tmut/Pois      #.........   36%         3    ###....
j - Sticks to Snakes      Tmut           #.......     11%         2    ###....
k - Beastly Appendage     Tmut           #.....       8%          1    #......

Your spell library contained the following spells:

 Spells                   Type           Power        Failure   Level  Hunger
 Ice Form                 Ice/Tmut       #.......     78%         4    #####..
 Blade Hands              Tmut           #.........   90%         5    ######.


Dungeon Overview and Level Annotations

Branches:
Dungeon (2/15)

Altars:


Innate Abilities, Weirdness & Mutations

Your plain brown scales are hard. (AC +5)
You cannot fit into any form of body armour.
You are cold-blooded and may be slowed by cold attacks.


Message History

The kobold hits you but does no damage.
Some of the chunks of flesh in your inventory have rotted away.
You barely miss the crimson imp. The crimson imp misses you.
The gnoll hits you but does no damage. The gnoll completely misses you.
The gnoll barely misses you. The kobold closely misses you.
You barely miss the crimson imp.
Your tail-slap misses the crimson imp.
The crimson imp hits you with a +0 dagger.
The gnoll hits you but does no damage. The gnoll hits you with a +0 club.
The gnoll closely misses you. The kobold hits you but does no damage.
You barely miss the crimson imp.
The crimson imp hits you with a +0 dagger.
The gnoll hits you from afar with a +0 spear.
The gnoll barely misses you. x2; The kobold misses you.
You closely miss the crimson imp. The crimson imp misses you.
The gnoll closely misses you. The gnoll completely misses you.
The kobold closely misses you. The gnoll closely misses you.
You miss the crimson imp.
The crimson imp hits you but does no damage.
The gnoll hits you from afar with a +0 spear.
You die...

.......)...............
#######..#####.#######.
##..## #..### #. #.>##
##...# #. #.## ###.# #.
#.# #.# ## #.# #.# #5#
#.# #@# #.## #gK...# #..#
...gg...# ##.###
...........# #...##
.............# ###...
.............# #...
...............#######...
.............#...<.......
#########...


You could see 3 gnolls, a crimson imp and a kobold.

Vanquished Creatures
  2 dart slugs
  2 leopard geckos (D:1)
  2 giant cockroaches (D:1)
  4 goblins
  A hobgoblin (D:1)
  4 jackals (D:1)
  7 kobolds
  3 bats
  2 frilled lizards (D:1)
  3 rats (D:1)
30 creatures vanquished.

Notes
Turn   | Place    | Note
-------+----------+-------------------------------------------
     0 | D:1      | Duffy the Draconian Transmuter began the quest for the Orb.
     0 | D:1      | Reached XP level 1. HP: 16/16 MP: 3/3
   266 | D:1      | Reached XP level 2. HP: 23/23 MP: 5/5
   518 | D:1      | Reached XP level 3. HP: 21/28 MP: 6/6
   650 | D:1      | Learned a level 2 spell: Sticks to Snakes
   654 | D:1      | Learned a level 3 spell: Spider Form
   913 | D:2      | Slain by a gnoll

Levels and vault maps discovered:
D:1:      lightli_arrival_flooded_house, layout_rooms
D:2:      layout_rooms

Action                   || total
-------------------------++-------
Melee: Unarmed           ||   140
       Tailslap          ||    12
Armor: Skin              ||    43
Dodge: Dodged            ||   137

Table legend:
 A = Non-vault XP
 B = Vault XP
 C = Vault XP percentage of total XP
 D = Non-vault monster count
 E = Vault monster count
 F = Vault count percentage of total count
                 A         B        C        D         E       F
            +---------+---------+-------+---------+---------+-------
      Total |      55 |       0 |   0.0 |      30 |       0 |   0.0
            +---------+---------+-------+---------+---------+-------
        D:1 |      45 |       0 |   0.0 |      25 |       0 |   0.0
        D:2 |      10 |       0 |   0.0 |       5 |       0 |   0.0
            +---------+---------+-------+---------+---------+-------
